 Dungeon Crawl Stone Soup version 0.30-a0-743-gbfdf073431 (webtiles) character file.

Game seed: 8315246969308213170

2087 jimonade the Thaumaturge (level 9, -2/58 HPs)
             Began as a Djinni Hedge Wizard on Feb 7, 2023.
             Was an Initiate of Ashenzari.
             Slain by a gnoll
             ... wielding a +0 whip
             ... led by a gnoll sergeant
              (3 damage)
             ... on level 7 of the Dungeon.
             The game lasted 00:17:49 (6669 turns).

jimonade the Thaumaturge (Djinni Hedge Wizard)      Turns: 6669, Time: 00:17:50

Health: -2/58      AC:  4    Str: 11    XL:     9   Next: 51%
Gold:   376        EV: 12    Int: 18    God:    Ashenzari [......] SH:  5 Dex: 13

rFire   + + .      SeeInvis .    a - +0 dagger (venom)
rCold   x . .      Faith    .    (no shield)
rNeg    . . .      Spirit   .    B - +0 leather armour
rPois   ∞          Reflect  +    c - +0 hat
rElec   .          Harm     .    m - +0 cloak
rCorr   .          Rampage  .    (no gloves)
Will    .....                    (boots unavailable)
Stlth   ++                       o - amulet of reflection
HPRegen 0.29/turn                (no ring)
MPRegen 0.00/turn                (no ring)

@: animating dead, flying
A: sickness immunity, fire resistance 2, cold vulnerability 1, float, innate
caster, HP casting, extra vitality 1
a: Renounce Religion, Curse Item


You were on level 7 of the Dungeon.
You worshipped Ashenzari.
Ashenzari was noncommittal.
You visited 2 branches of the dungeon, and saw 8 of its levels.
You also visited: Sewer.

You collected 376 gold pieces.

Inventory:

Hand Weapons
 a - a +0 dagger of venom (weapon)
 l - a +0 dagger
 p - a +0 shortbow
 s - a +0 dagger of pain
 u - a +3 hand axe
 v - a +1 short sword of freezing
 A - a +2 hand axe of venom
 D - a +0 demon whip of draining
 I - a +0 halberd
 K - a +2 trident of flaming
 Q - a +0 spear of venom
 R - a +2 dagger of pain
Missiles
 n - 2 throwing nets
 x - 2 atropa-tipped darts
 U - 5 poisoned darts
Armour
 c - a +0 hat (worn)
 f - a +0 ring mail
 m - a +0 cloak (worn)
 q - a +0 chain mail
 B - a +0 leather armour (worn)
 C - a +0 robe
Magical Staves
 b - a staff of death
 k - a staff of poison
Jewellery
 o - an amulet of reflection (around neck)
 P - a ring of protection from fire
Wands
 w - a wand of charming (12)
 z - a wand of mindburst (12)
Scrolls
 e - 8 scrolls of identify {unknown}
 j - a scroll of brand weapon {unknown}
 t - a scroll of butterflies {unknown}
 y - a scroll of magic mapping {unknown}
 E - a scroll of silence {unknown}
 F - a scroll of blinking
 H - a scroll of enchant weapon {unknown}
 J - a scroll of immolation {unknown}
 N - 2 scrolls of teleportation {unknown}
 S - a scroll of vulnerability {unknown}
 T - a scroll of fog {unknown}
Potions
 d - 2 potions of magic
 g - a potion of mutation {unknown}
 h - 2 potions of might {unknown}
 i - a potion of haste {unknown}
 r - 2 potions of cancellation {unknown}
 G - 2 potions of heal wounds {unknown}
 L - a potion of lignification {unknown}
 M - a potion of ambrosia {unknown}
 O - 2 potions of curing {unknown}


   Skills:
 + Level 1.6 Fighting
 + Level 1.8 Short Blades
 + Level 2.2 Armour
 + Level 3.9 Dodging
 - Level 1.5 Stealth
 + Level 0.2 Shields
 * Level 8.7 Spellcasting


You had 6 spell levels left.
You knew the following spells:

 Your Spells              Type           Power      Damage    Failure   Level
a - Magic Dart            Conj           100%       1d8       1%          1
b - Slow                  Hex            100%       N/A       1%          1
c - Blink                 Tloc           78%        N/A       1%          2
d - Call Imp              Summ           39%        N/A       1%          2
e - Mephitic Cloud        Conj/Pois/Air  39%        N/A       1%          3
f - Foxfire               Conj/Fire      100%       2x1d9     1%          1
g - Momentum Strike       Conj/Tloc      78%        3d10      1%          2
h - Dazzling Flash        Conj/Hex       78%        N/A       1%          3
i - Animate Dead          Necr           39%        N/A       3%          4
Your spell library was empty.

Dungeon Overview and Level Annotations

Branches:
Dungeon (7/15)             Temple (1/1) D:4           Sewer (visited)

Altars:
Ashenzari
Cheibriados
Dithmenos
Elyvilon
Fedhas
Gozag
Hepliaklqana
Makhleb
Nemelex Xobeh
Okawaru
Qazlal
Ru
Trog
Uskayaw
Wu Jian
Xom
Yredelemnul
Zin

Annotations:
D:5 2 transporters, cforsyth's ghost, novice TeFE


Innate Abilities, Weirdness & Mutations

You are immune to sickness and miasma.
You are immune to poison.
Your flesh is very heat resistant. (rF++)
You are vulnerable to cold. (rC-)
You float through the air rather than walking.
You learn spells naturally, not from books.
Your magical power is your life essence.
You have superior vitality. (+4 MHP)


Message History

The killer bee is lightly wounded.
The killer bee barely misses you.
Your gnoll zombie closely misses the shadow imp.
You block the gnoll's attack. You block the shadow imp's attack.
The killer bee stings you but does no damage.
You miss the killer bee.
The killer bee is lightly wounded.
The killer bee barely misses you.
You hit the killer bee.
The killer bee looks as sick as possible!
The killer bee is heavily wounded.
The killer bee closely misses you. You block the gnoll's attack.
The gnoll sergeant closely misses you.
The gnoll sergeant completely misses itself.
You block the shadow imp's attack. The killer bee barely misses you.
Your gnoll zombie hits the shadow imp.
The shadow imp dies!
You hit the killer bee but do no damage.
The killer bee looks as sick as possible!
The killer bee is almost dead.
You kill the killer bee!
The gnoll barely misses you. The killer bee barely misses you.
Your gnoll zombie hits the gnoll but does no damage.
You barely miss the killer bee.
The gnoll sergeant seems less confused.
The killer bee closely misses you.
The gnoll hits you from afar with a +0 halberd!
* * * LOW HITPOINT WARNING * * *
The killer bee stings you.
* * * LOW HITPOINT WARNING * * *
Your gnoll zombie hits the gnoll.
You hit the killer bee but do no damage.
The killer bee is poisoned.
Your killer bee zombie barely misses the killer bee.
The killer bee stings you!
* * * LOW HITPOINT WARNING * * *
The gnoll barely misses your gnoll zombie.
The gnoll sergeant hits you with a +0 spear.
* * * LOW HITPOINT WARNING * * *
The gnoll hits you with a +0 whip.
You die...

### ......
.g... $....
#.#'# #
#)#.#.#
#.#g#.# .
#.ggZ.# ...
###@#####....
##y#<.......
#..Z...#####
##.#.#.#
#+#.#.# ..# #
... ...# ...#


You could see a gnoll sergeant, a killer bee (very poisoned, ally target), 2
gnolls, a friendly killer bee zombie and a friendly gnoll zombie.

Vanquished Creatures
  Grinder (D:3)
  A black bear (D:6)
  2 ice beasts (D:5)
  A centaur (D:6)
  A phantom (D:4)
  A necrophage (D:6)
  A bullfrog (Sewer)
  3 scorpions
  A gnoll sergeant (D:4)
  A killer bee (D:7)
  A howler monkey (D:5)
  2 orc priests (D:3)
  3 hounds
  A gnoll bouda (D:5)
  An iguana (D:5)
  3 orc wizards
  A scorpion zombie (D:6)
  18 gnolls
  12 adders
  2 white imps
  2 worms
  6 dart slugs
  19 orcs
  12 ball pythons
  6 endoplasms
  16 giant cockroaches
  3 goblins
  3 hobgoblins
  A jackal (D:2)
  9 quokkas
  8 bats
  8 frilled lizards
  7 kobolds
  An orc zombie (D:6)
  6 rats
164 creatures vanquished.

Vanquished Creatures (collateral kills)
  A gnoll bouda (D:6)
  2 hounds
  An iguana (D:5)
  Terence (D:2)
  An orc wizard (D:6)
  9 gnolls
  An adder (D:2)
  A shadow imp (D:7)
  2 worms
  An endoplasm (D:3)
  3 goblins
  A hobgoblin (D:2)
  3 jackals (D:2)
  A quokka (D:2)
  A bat (D:3)
  A kobold (D:2)
  2 rats (D:2)
32 creatures vanquished.

Vanquished Creatures (others)
  A gnoll zombie (D:7)
  An orc zombie (D:6)
  509 foxfires
511 creatures vanquished.

Grand Total: 707 creatures vanquished

Notes
Turn   | Place    | Note
-------+----------+-------------------------------------------
     0 | D:1      | jimonade the Djinni Hedge Wizard began the quest for the
                  | Orb.
     0 | D:1      | jimonade set off with the following spells memorised: Magic
                  | Dart, Slow, Blink, Call Imp, Mephitic Cloud.
     0 | D:1      | Reached XP level 1. HP: 15/15 MP: 0/0
   111 | D:1      | Reached XP level 2. HP: 18/21 MP: 0/0
   211 | D:1      | Reached skill level 3 in Spellcasting
   339 | D:1      | Reached XP level 3. HP: 25/25 MP: 0/0
   339 | D:1      | Learned a level 1 spell: Foxfire
   520 | D:1      | Found a faded altar of an unknown god.
  1238 | D:2      | Reached XP level 4. HP: 26/31 MP: 0/0
  1532 | D:2      | Reached XP level 5. HP: 34/35 MP: 0/0
  1532 | D:2      | Learned a level 2 spell: Momentum Strike
  1675 | D:2      | Reached skill level 4 in Spellcasting
  2006 | D:2      | Noticed Terence
  2020 | D:2      | Killed Terence
  2553 | D:3      | Found a shimmering altar of Xom.
  2568 | D:3      | Found a basalt altar of Yredelemnul.
  2605 | D:3      | Reached XP level 6. HP: 40/41 MP: 0/0
  2665 | D:3      | Found a bloodstained altar of Trog.
  2705 | D:3      | Noticed Grinder
  2733 | D:3      | Killed Grinder
  2734 | D:3      | Reached skill level 1 in Fighting
  2734 | D:3      | Reached skill level 5 in Spellcasting
  2734 | D:3      | Reached XP level 7. HP: 35/47 MP: 0/0
  2734 | D:3      | Learned a level 3 spell: Dazzling Flash
  2868 | D:3      | Found a snail-covered altar of Cheibriados.
  3289 | D:3      | Found a shadowy altar of Dithmenos.
  3497 | D:4      | Reached skill level 1 in Short Blades
  3500 | D:4      | Found a glowing drain.
  3512 | Sewer    | Entered a sewer
  3888 | Sewer    | Reached skill level 6 in Spellcasting
  3998 | D:4      | Reached XP level 8. HP: 46/52 MP: 0/0
  4144 | D:4      | Found a staircase to the Ecumenical Temple.
  4156 | Temple   | Entered the Ecumenical Temple
  4166 | Temple   | Became a worshipper of Ashenzari the Shackled
  4731 | D:5      | Entered Level 5 of the Dungeon
  4916 | D:5      | Reached skill level 7 in Spellcasting
  5010 | D:5      | Reached skill level 1 in Armour
  5123 | D:5      | Found a white marble altar of Elyvilon.
  5229 | D:5      | Found a burning altar of Makhleb.
  5229 | D:5      | Found a hide-covered altar of Uskayaw.
  5230 | D:5      | Found an iron altar of Okawaru.
  5277 | D:5      | Found a blossoming altar of Fedhas.
  5299 | D:5      | Reached XP level 9. HP: 44/57 MP: 0/0
  5299 | D:5      | Learned a level 4 spell: Animate Dead
  5451 | D:5      | Found a transporter.
  5453 | D:5      | Noticed a hornet
  5454 | D:5      | Noticed cforsyth's ghost (novice TeFE)
  5455 | D:5      | Found a transporter.
  5786 | D:6      | Reached skill level 8 in Spellcasting
  6669 | D:7      | HP: 2/58 [killer bee (8)]
  6669 | D:7      | Slain by a gnoll

Illustrated notes

Levels and vault maps discovered:
D:1:      lightli_arrival_windingriver, layout_basic,
          ebering_ecumenical_altar_box
D:2:      layout_basic, uniq_terence
D:3:      layout_basic, kennysheep_slug_shrine, grunt_dithmenos_smoke,
          nicolae_overflow_hidden_temple, minivault_27, st_stairs_13,
          kennysheep_orc_chapel, uniq_grinder
D:4:      layout_cave_pools, temple_pool_b, portal_sewer_entry_a
D:5:      layout_gridville, mainiacjoe_overflow_cross_hatched,
          lemuel_crystal_altar, gammafunk_temple_overflow_forgotten,
          gammafunk_ghost_arena
D:6:      layout_loops_ring, minmay_misc_feat_rugged
D:7:      layout_basic
Temple:   dpeg_three_leaves_temple

Skill      XL: |  1  2  3  4  5  6  7  8  9 |
---------------+----------------------------+-----
Spellcasting   | 3 4 5 6 7 8 |  8.7
Dodging        | 3 |  3.9
Fighting       | 1 |  1.6
Short Blades   | 1 |  1.8
Armour         | 1 2 |  2.2
Stealth        | |  1.5
Shields        | |  0.2

Action                     |  1- 3 |  4- 6 |  7- 9 || total
---------------------------+-------+-------+-------++-------
  Melee: Dagger            |     1 |    31 |    57 ||    89
         Punch             |       |       |     1 ||     1
   Cast: Magic Dart        |    69 |     6 |       ||    75
         Call Imp          |     4 |    21 |    20 ||    45
         Foxfire           |       |     4 |   294 ||   298
         Slow              |       |     5 |       ||     5
         Momentum Strike   |       |     3 |     1 ||     4
         Mephitic Cloud    |       |       |    12 ||    12
         Dazzling Flash    |       |       |     1 ||     1
         Animate Dead      |       |       |     3 ||     3
   Stab: Sleeping          |       |     1 |       ||     1
         Confused          |       |       |     4 ||     4
 Armour: Robe              |     5 |     6 |     1 ||    12
         Leather armour    |       |       |    13 ||    13
  Dodge: Dodged            |     9 |    17 |    60 ||    86
  Block: Other             |       |       |    26 ||    26
         Reflection        |       |       |     1 ||     1

Table legend: (Time is in decaauts)
 A = Elapsed time spent in this place.
 B = Non-inter-level travel time spent in this place.
 C = Inter-level travel time spent in this place.
 D = Time resting spent in this place.
 E = Time spent auto-exploring this place.
 F = Levels seen in this place.
 G = Mean time per level.
                   A        B        C        D        E       F      G
               +--------+--------+--------+--------+--------+-----+--------+
         Total |   6663 |   6169 |    494 |    269 |   4483 |   9 |  740.3 |
       Dungeon |   6133 |   5653 |    480 |    226 |   4249 |   7 |  876.1 |
        Temple |     79 |     65 |     14 |      0 |     49 |   1 |   79.0 |
         Sewer |    449 |    449 |      0 |     43 |    185 |   1 |  449.0 |
               +--------+--------+--------+--------+--------+-----+--------+

Top non-repeatable levels by time:
     D:2: 1497 daAuts
     D:1: 1042 daAuts
     D:6: 1013 daAuts
     D:4: 958 daAuts
     D:3: 932 daAuts
     D:5: 657 daAuts
   Sewer: 449 daAuts
  Temple: 79 daAuts
     D:7: 32 daAuts
